 Dungeon Crawl Stone Soup version 0.29.1-1-gd02db6906a (webtiles) character file.

Game seed: 14381493278242924240

51 dave1331 the Shooter (level 3, 0/30 HPs)
             Began as a Minotaur Hunter on Oct 3, 2022.
             Slain by a jackal (1 damage)
             ... on level 2 of the Dungeon.
             The game lasted 00:03:47 (1628 turns).

dave1331 the Shooter (Minotaur Hunter)              Turns: 1628, Time: 00:03:47

Health: 0/30       AC:  3    Str: 17    XL:     3   Next: 57%
Magic:  2/2        EV: 12    Int:  6    God:
Gold:   143        SH:  0    Dex: 13    Spells: 2/2 levels left

rFire   . . .      SeeInvis .   a - +0 shortbow
rCold   . . .      Faith    .   (shield currently unavailable)
rNeg    . . .      Spirit   .   c - +0 leather armour
rPois   .          Reflect  .   (helmet restricted)
rElec   .          Harm     .   (no cloak)
rCorr   .          Rampage  .   (no gloves)
Will    .....                   (no boots)
Stlth   +.........              (no amulet)
HPRegen 0.10/turn               (no ring)
MPRegen 0.08/turn               (no ring)

@: no status effects
A: horns 2, retaliatory headbutt
a: no special abilities


You were on level 2 of the Dungeon.
You visited 1 branch of the dungeon, and saw 3 of its levels.

You collected 143 gold pieces.

Inventory:

Hand Weapons
 a - a +0 shortbow (weapon)
 f - a +0 short sword of venom
Armour
 c - a +0 leather armour (worn)
Jewellery
 h - an amulet of regeneration
 i - an amulet of the acrobat
Scrolls
 b - a scroll of immolation
 d - 2 scrolls of magic mapping {unknown}
 g - a scroll of blinking {unknown}
 l - a scroll of fog {unknown}
 m - 2 scrolls of teleportation {unknown}
Potions
 e - 2 potions of curing {unknown}
 j - a potion of attraction {unknown}
 k - a potion of might {unknown}


   Skills:
 + Level 2.9 Fighting
 + Level 5.5 Ranged Weapons
 + Level 0.6 Armour
 + Level 2.2 Dodging
 + Level 0.7 Stealth


You had 2 spell levels left.
You didn't know any spells.
Your spell library contained the following spells:

 Spells                   Type           Power      Damage    Failure   Level
 Slow                     Hex            0%         N/A       52%         1
 Confusing Touch          Hex            0%         N/A       87%         3
 Ozocubu's Armour         Ice            0%         N/A       87%         3
 Vampiric Draining        Necr           0%         2d6       87%         3
 Metabolic Englaciation   Hex/Ice        0%         N/A       100%        5
 Simulacrum               Ice/Necr       0%         N/A       100%        6


Dungeon Overview and Level Annotations

Branches:
Dungeon (3/15)

Altars:
Xom

Shops:
D:2 (


Innate Abilities, Weirdness & Mutations

You have a pair of horns on your head.
You reflexively headbutt those who attack you in melee.


Message History

Really attack while wielding your +0 shortbow? [Y]es or [N]o only, please.
Really attack while wielding your +0 shortbow? [Y]es or [N]o only, please.
Really attack while wielding your +0 shortbow? [Y]es or [N]o only, please.
Really attack while wielding your +0 shortbow? [Y]es or [N]o only, please.
Really attack while wielding your +0 shortbow?
Okay, then.
You feel sick. The adder completely misses you.
The adder bites you but does no damage.
You feel sick.
You are no longer poisoned.
The hobgoblin barely misses you. The adder misses you.
The adder attacks as you move away! The adder bites you.
* * * LOW HITPOINT WARNING * * *
The hobgoblin attacks as you move away! The hobgoblin barely misses you.
The adder barely misses you.
There is an open door here.
The adder attacks as you move away! The adder barely misses you.
You furiously retaliate!
You headbutt the adder!
You kill the adder!
The hobgoblin misses you. The hobgoblin attacks as you move away!
The hobgoblin misses you. The jackal barely misses you.
The hobgoblin misses you.
The jackal bites you but does no damage.
The jackal barely misses you.
There is an open door here.
The jackal barely misses you.
There is a stone staircase leading up here.
The jackal bites you.
* * * LOW HITPOINT WARNING * * *
The jackal closely misses you.
You climb upwards.
There is a stone staircase leading down here.
The jackal attacks as you move away! The jackal bites you.
You die...

####....###.#.# ##....####
#.#.######## #..####
##..........#. #.####
#.............
.....######..#.######.#
...#......#..#........#
..###.....#...........#.
#..#......##.#.#.:......
##...#.........#@.(...#.
##.#....##...##hh#.....
##.......#.....#.##.....
#..#.............##...#....
..###.......∩.)..##.......##
#..#..##....................
##...###.#†....#.#..........
########.##...##.#........##
#........#######.#..........


You could see 2 jackals.

Vanquished Creatures
  2 adders
  A worm (D:2)
  4 endoplasms
  A giant cockroach (D:3)
  2 goblins (D:2)
  A hobgoblin (D:1)
  4 quokkas
  3 ball pythons (D:1)
  4 bats (D:1)
  3 frilled lizards
  3 kobolds
  3 rats (D:1)
31 creatures vanquished.

Notes
Turn   | Place    | Note
-------+----------+-------------------------------------------
     0 | D:1      | dave1331 the Minotaur Hunter began the quest for the Orb.
     0 | D:1      | Reached XP level 1. HP: 18/18 MP: 0/0
   469 | D:1      | Reached XP level 2. HP: 25/25 MP: 1/1
   768 | D:1      | Reached skill level 5 in Ranged Weapons
  1129 | D:2      | Found a shimmering altar of Xom.
  1183 | D:2      | Reached XP level 3. HP: 30/30 MP: 2/2
  1190 | D:2      | Found Qeoxuw's Weapon Boutique.
  1275 | D:2      | You fall into a shaft and drop 1 floor!
  1626 | D:3      | HP: 1/30 [jackal (2)]
  1628 | D:2      | Slain by a jackal

Illustrated notes

Levels and vault maps discovered:
D:1:      dpeg_arrival_three_same_balls, layout_basic, hangedman_decor_riveting,
          grunt_decor_arrowhead
D:2:      layout_basic, serial_shops, nicolae_shop_bloodbath_and_beyond,
          basic_altar, chequers_big_river, minmay_strange_pillars,
          serial_bayou_lagoon_b
D:3:      minmay_chambers_of_threes, layout_basic

Skill      XL: |  1  2 |
---------------+-------+-----
Ranged Weapons | 5 |  5.5
Fighting       | |  2.9
Armour         | |  0.6
Dodging        | |  2.2
Stealth        | |  0.7

Action                   || total
-------------------------++-------
 Fire: Shortbow          ||    92
Armor: Leather armour    ||    17
Dodge: Dodged            ||    50
